APL (24 & UNDER)
EL PASO TEXANS @ SCOTTSDALE SCORPIONS
05/07/2027
 
TOP OF THE 1ST
El Paso Texans batting - Pitching for Scottsdale Scorpions : RHP Bryce Davis
Pitching: RHP Bryce Davis
Batting: SHB Rick Hinton 0-0: Ball
1-0: Called Strike
1-1: Swinging Strike
1-2: Foul Ball, location: 2F
1-2: Foul Ball, location: 2F
1-2: Ball
2-2: Foul Ball, location: 2F
2-2: Ball
3-2: SINGLE (Line Drive, 7LS)
Batting: LHB Roberto Félix 0-0: Ball
1-0: Ball
Wild Pitch!
Rick Hinton to second
2-0: SINGLE (Flyball, 7S)
Rick Hinton to third
Runner from 3rd tries for Home, SAFE, no throw
Batting: LHB Bernardo Morales 0-0: Ball
Roberto Félix is caught stealing 2nd base
1-0: Reached on error, E8 (Flyball, 8LM)
Batting: RHB António Aguilar 0-0: Called Strike
0-1: Ball
1-1: Called Strike
1-2: Strikes out swinging
Batting: LHB Enrique Cruz 0-0: Ball
1-0: Foul Ball, location: 2F
1-1: Swinging Strike
1-2: Ball
2-2: Foul Ball, location: 2F
2-2: Strikes out swinging
Top of the 1st over - 1 run(s), 2 hit(s), 1 error(s), 1 left on base; El Paso 1 - Scottsdale 0
BOTTOM OF THE 1ST
Scottsdale Scorpions batting - Pitching for El Paso Texans : LHP Manuel Santiago
Pitching: LHP Manuel Santiago
Batting: LHB José Garza 0-0: Ball
1-0: Fly out, F7 (Flyball, 78M)
Batting: RHB Edgardo Gonzáles 0-0: Swinging Strike
0-1: Foul Ball, location: 2F
0-2: Foul Ball, location: 2F
0-2: Fly out, F8 (Flyball, 8LM)
Batting: RHB Lúcio Ramírez 0-0: Ball
1-0: Ball
2-0: Ball
3-0: Called Strike
3-1: Base on Balls
Batting: SHB Juan Gonzáles 0-0: Ball
1-0: Swinging Strike
1-1: Swinging Strike
1-2: Ball
Pickoff Throw to First - Error! E1
Lúcio Ramírez to second
2-2: Foul Ball, location: 2F
2-2: Ball
3-2: Foul Ball, location: 2F
3-2: Strikes out swinging
Bottom of the 1st over - 0 run(s), 0 hit(s), 1 error(s), 1 left on base; El Paso 1 - Scottsdale 0
TOP OF THE 2ND
El Paso Texans batting - Pitching for Scottsdale Scorpions : RHP Bryce Davis
Batting: RHB Marvin Johnson 0-0: Called Strike
0-1: SINGLE (Line Drive, 6D)
Batting: LHB Michael Melton 0-0: Called Strike
0-1: Grounds into double play, 4-6-3 (Groundball, 4)
Batting: RHB Wayne Carter 0-0: Ball
1-0: Ball
2-0: Ball
3-0: Base on Balls
Batting: RHB John James 0-0: Ball
1-0: Foul Ball, location: 2F
1-1: Fielders Choice at 2nd, 4-6 (Groundball, 4)
Top of the 2nd over - 0 run(s), 1 hit(s), 0 error(s), 0 left on base; El Paso 1 - Scottsdale 0
BOTTOM OF THE 2ND
Scottsdale Scorpions batting - Pitching for El Paso Texans : LHP Manuel Santiago
Batting: RHB Sergio Domínguez 0-0: Ball
1-0: Called Strike
1-1: Ball
2-1: Ground out 5-3 (Groundball, 56)
Batting: LHB Alberto Roberts 0-0: Called Strike
0-1: Foul Ball, location: 2F
0-2: Foul Ball, location: 2F
0-2: Fly out, F8 (Line Drive, 78D)
Batting: LHB Manny Vigil 0-0: Ball
1-0: Ball
2-0: Foul Ball, location: 2F
2-1: Foul Ball, location: 2F
2-2: Strikes out swinging
Bottom of the 2nd over - 0 run(s), 0 hit(s), 0 error(s), 0 left on base; El Paso 1 - Scottsdale 0
TOP OF THE 3RD
El Paso Texans batting - Pitching for Scottsdale Scorpions : RHP Bryce Davis
Batting: SHB Rick Hinton 0-0: Called Strike
0-1: Ball
1-1: Swinging Strike
1-2: Strikes out swinging
Batting: LHB Roberto Félix 0-0: Called Strike
0-1: Swinging Strike
0-2: Foul Ball, location: 2F
0-2: Foul Ball, location: 2F
0-2: Fly out, F7 (Flyball, 7)
Batting: LHB Bernardo Morales 0-0: Swinging Strike
0-1: Ball
1-1: Ball
2-1: Ball
3-1: Called Strike
3-2: Base on Balls
Batting: RHB António Aguilar 0-0: Ball
1-0: 2-RUN HOME RUN (Flyball, 78XD), Distance : 368 ft
Batting: LHB Enrique Cruz 0-0: Ball
1-0: Swinging Strike
1-1: Ball
2-1: Foul Ball, location: 2F
2-2: Fly out, F2 (Popup, 5S)
Top of the 3rd over - 2 run(s), 1 hit(s), 0 error(s), 0 left on base; El Paso 3 - Scottsdale 0
BOTTOM OF THE 3RD
Scottsdale Scorpions batting - Pitching for El Paso Texans : LHP Manuel Santiago
Batting: RHB Jaime Delgado 0-0: Ball
1-0: Ball
2-0: Ball
3-0: Base on Balls
Batting: RHB Robinson Fernández 0-0: Swinging Strike
0-1: Ball
1-1: Ball
2-1: Fly out, F4 (Popup, 34)
Batting: LHB José Garza 0-0: Ball
1-0: Called Strike
1-1: Ball
2-1: SINGLE (Flyball, 8RS)
Jaime Delgado to second
Batting: RHB Edgardo Gonzáles 0-0: Called Strike
0-1: Foul Ball, location: 2F
0-2: Ball
1-2: Foul Ball, location: 2F
1-2: Foul Ball, location: 2F
1-2: Foul Ball, location: 2F
1-2: Grounds into double play, 5-4-3 (Groundball, 5)
Bottom of the 3rd over - 0 run(s), 1 hit(s), 0 error(s), 1 left on base; El Paso 3 - Scottsdale 0
TOP OF THE 4TH
El Paso Texans batting - Pitching for Scottsdale Scorpions : RHP Bryce Davis
Batting: RHB Marvin Johnson 0-0: Ball
1-0: SINGLE (Groundball, 56D)
Batting: LHB Michael Melton 0-0: Ball
1-0: Fielders Choice at 2nd, 6-4 (Groundball, 6M)
Batting: RHB Wayne Carter 0-0: Ball
1-0: Ball
2-0: Ball
3-0: Base on Balls
Michael Melton to second
Batting: RHB John James 0-0: Grounds into double play, 6-4-3 (Groundball, 6)
Top of the 4th over - 0 run(s), 1 hit(s), 0 error(s), 1 left on base; El Paso 3 - Scottsdale 0
BOTTOM OF THE 4TH
Scottsdale Scorpions batting - Pitching for El Paso Texans : LHP Manuel Santiago
Batting: RHB Lúcio Ramírez 0-0: Called Strike
0-1: Foul Ball, location: 2F
0-2: Ball
1-2: Ball
2-2: Ball
3-2: Fly out, F5 (Line Drive, 56)
Batting: SHB Juan Gonzáles 0-0: SOLO HOME RUN (Line Drive, 7LD), Distance : 312 ft
Batting: RHB Sergio Domínguez 0-0: Called Strike
0-1: Foul Ball, location: 2F
0-2: Foul Ball, location: 2F
0-2: Ball
1-2: Ball
2-2: Foul Ball, location: 2F
2-2: Foul Ball, location: 2F
2-2: Ground out 6-3 (Groundball, 6)
Batting: LHB Alberto Roberts 0-0: Ball
1-0: Swinging Strike
1-1: Foul Ball, location: 2F
1-2: Ball
2-2: Strikes out swinging
Bottom of the 4th over - 1 run(s), 1 hit(s), 0 error(s), 0 left on base; El Paso 3 - Scottsdale 1
TOP OF THE 5TH
El Paso Texans batting - Pitching for Scottsdale Scorpions : RHP Bryce Davis
Batting: SHB Rick Hinton 0-0: Ground out 5-3 (Groundball, 5)
Batting: LHB Roberto Félix 0-0: Ball
1-0: Foul Ball, location: 2F
1-1: Foul Ball, location: 2F
1-2: Ball
2-2: Ball
3-2: Strikes out looking
Batting: LHB Bernardo Morales 0-0: Ball
1-0: Ball
2-0: Ball
3-0: Foul Ball, location: 2F
3-1: Base on Balls
Batting: RHB António Aguilar 0-0: Ball
1-0: Foul Ball, location: 2F
1-1: Swinging Strike
1-2: Foul Ball, location: 2F
1-2: Ball
2-2: Strikes out swinging
Top of the 5th over - 0 run(s), 0 hit(s), 0 error(s), 1 left on base; El Paso 3 - Scottsdale 1
BOTTOM OF THE 5TH
Scottsdale Scorpions batting - Pitching for El Paso Texans : LHP Manuel Santiago
Batting: LHB Manny Vigil 0-0: Called Strike
0-1: Ball
1-1: Ground out 6-3 (Groundball, 56D)
Batting: RHB Jaime Delgado 0-0: SINGLE (Groundball, 6) (infield hit)
Batting: RHB Robinson Fernández 0-0: Fielders Choice at 2nd, 5-4 (Groundball, 56)
Batting: LHB José Garza 0-0: Ball
1-0: Ball
2-0: Foul Ball, location: 2F
2-1: Foul Ball, location: 2F
2-2: Foul Ball, location: 2F
2-2: Ball
3-2: Foul Ball, location: 2F
3-2: Strikes out looking
Bottom of the 5th over - 0 run(s), 1 hit(s), 0 error(s), 1 left on base; El Paso 3 - Scottsdale 1
TOP OF THE 6TH
El Paso Texans batting - Pitching for Scottsdale Scorpions : RHP Bryce Davis
Pitching: RHP Martin Miller
Batting: LHB Enrique Cruz 0-0: Ball
1-0: Foul Ball, location: 2F
1-1: Fly out, F8 (Line Drive, 8LS)
Batting: RHB Marvin Johnson 0-0: Called Strike
0-1: Foul Ball, location: 2F
0-2: Ball
1-2: Ball
2-2: Foul Ball, location: 2F
2-2: Fly out, F2 (Popup, 3S)
Batting: LHB Michael Melton 0-0: Called Strike
0-1: Ball
1-1: Foul Ball, location: 2F
1-2: Ball
2-2: Strikes out swinging
Top of the 6th over - 0 run(s), 0 hit(s), 0 error(s), 0 left on base; El Paso 3 - Scottsdale 1
BOTTOM OF THE 6TH
Scottsdale Scorpions batting - Pitching for El Paso Texans : LHP Manuel Santiago
Batting: RHB Edgardo Gonzáles 0-0: Ground out 6-3 (Groundball, 6)
Pitching: RHP Ralph Miller
Batting: RHB Lúcio Ramírez 0-0: Called Strike
0-1: Ground out 4-3 (Groundball, 4)
Batting: SHB Juan Gonzáles 0-0: Ball
1-0: Ball
2-0: Ground out 1-3 (Groundball, 15)
Bottom of the 6th over - 0 run(s), 0 hit(s), 0 error(s), 0 left on base; El Paso 3 - Scottsdale 1
TOP OF THE 7TH
El Paso Texans batting - Pitching for Scottsdale Scorpions : RHP Martin Miller
Batting: RHB Wayne Carter 0-0: Ball
1-0: Ground out 4-3 (Groundball, 4)
Batting: RHB John James 0-0: Swinging Strike
0-1: Ball
1-1: Foul Ball, location: 2F
1-2: Ball
2-2: Strikes out swinging
Batting: SHB Rick Hinton 0-0: Foul Ball, location: 2F
0-1: Ground out 6-3 (Groundball, 6)
Top of the 7th over - 0 run(s), 0 hit(s), 0 error(s), 0 left on base; El Paso 3 - Scottsdale 1
BOTTOM OF THE 7TH
Scottsdale Scorpions batting - Pitching for El Paso Texans : RHP Ralph Miller
Batting: RHB Sergio Domínguez 0-0: Ground out 5-3 (Groundball, 5)
Batting: LHB Alberto Roberts 0-0: Ball
1-0: Ball
2-0: SINGLE (Groundball, 4MS) (infield hit)
Batting: LHB Manny Vigil 0-0: Called Strike
0-1: Called Strike
0-2: Ball
1-2: Strikes out swinging
Batting: RHB Jaime Delgado 0-0: Fly out, F9 (Flyball, 89S)
Bottom of the 7th over - 0 run(s), 1 hit(s), 0 error(s), 1 left on base; El Paso 3 - Scottsdale 1
TOP OF THE 8TH
El Paso Texans batting - Pitching for Scottsdale Scorpions : RHP Martin Miller
Batting: LHB Roberto Félix 0-0: Foul Ball, location: 2F
0-1: Swinging Strike
0-2: Strikes out swinging
Batting: LHB Bernardo Morales 0-0: Ball
1-0: Ball
2-0: Called Strike
2-1: Fly out, F7 (Flyball, 7LS)
Batting: RHB António Aguilar 0-0: Foul Ball, location: 2F
0-1: Swinging Strike
0-2: Ball
1-2: Ball
2-2: Ball
3-2: Strikes out looking
Top of the 8th over - 0 run(s), 0 hit(s), 0 error(s), 0 left on base; El Paso 3 - Scottsdale 1
BOTTOM OF THE 8TH
Scottsdale Scorpions batting - Pitching for El Paso Texans : RHP Ralph Miller
Batting: RHB Robinson Fernández 0-0: Ball
1-0: Swinging Strike
1-1: Called Strike
1-2: Strikes out swinging
Batting: LHB José Garza 0-0: Ball
1-0: Ball
2-0: Ball
3-0: Base on Balls
Batting: RHB Edgardo Gonzáles 0-0: SINGLE (Flyball, 8RS)
José Garza to second
Runner from 2nd tries for 3rd, SAFE, throw made to third
Pinch Runner at 1st Ricardo Gutiérrez:
Pinch Hitting: LHB Sergio Fernández 0-0: Swinging Strike
0-1: Ball
1-1: Ball
2-1: Called Strike
2-2: Ball
3-2: Base on Balls
Ricardo Gutiérrez to second
Pinch Hitting: SHB Arnold Moore 0-0: Ball
1-0: Called Strike
1-1: Fly out, F4 (Line Drive, 4)
Batting: RHB Sergio Domínguez 0-0: Ball
1-0: Called Strike
1-1: Foul Ball, location: 2F
1-2: Foul Ball, location: 2F
1-2: Ball
2-2: Strikes out swinging
Bottom of the 8th over - 0 run(s), 1 hit(s), 0 error(s), 3 left on base; El Paso 3 - Scottsdale 1
TOP OF THE 9TH
El Paso Texans batting - Pitching for Scottsdale Scorpions : RHP Martin Miller
Now at 3B: Arnold Moore
Now at SS: Ronald Smith
Batting: LHB Enrique Cruz 0-0: Called Strike
0-1: SOLO HOME RUN (Flyball, 9LD), Distance : 313 ft
Batting: RHB Marvin Johnson 0-0: Swinging Strike
0-1: Ball
1-1: Ball
2-1: Ball
3-1: Fly out, F9 (Flyball, 9LM)
Batting: LHB Michael Melton 0-0: Ground out U3 (Groundball, 34)
Batting: RHB Wayne Carter 0-0: Ball
1-0: Called Strike
1-1: Foul Ball, location: 2F
1-2: Strikes out looking
Top of the 9th over - 1 run(s), 1 hit(s), 0 error(s), 0 left on base; El Paso 4 - Scottsdale 1
BOTTOM OF THE 9TH
Scottsdale Scorpions batting - Pitching for El Paso Texans : RHP Ralph Miller
Pitching: RHP Mike Marks
Batting: LHB Alberto Roberts 0-0: Called Strike
0-1: Ball
1-1: Ball
2-1: Swinging Strike
2-2: Strikes out looking
Batting: LHB Manny Vigil 0-0: Foul Ball, location: 2F
0-1: Foul Ball, location: 2F
0-2: Ball
1-2: Ball
2-2: Strikes out swinging
Batting: RHB Jaime Delgado 0-0: Called Strike
0-1: Hit by Pitch
Batting: RHB Robinson Fernández 0-0: Foul Ball, location: 2F
0-1: Ball
1-1: Foul Ball, location: 2F
1-2: Foul Ball, location: 2F
1-2: Foul Ball, location: 2F
1-2: Hit by Pitch
Jaime Delgado to second
Batting: LHB José Garza 0-0: 3-RUN HOME RUN (Flyball, 7LD), Distance : 318 ft
Pitching: RHP Carlos Sánchez
Batting: RHB Ricardo Gutiérrez 0-0: Ball
1-0: Ball
2-0: Ball
3-0: Base on Balls
Batting: RHB Ronald Smith 0-0: Called Strike
Ricardo Gutiérrez steals 2nd base
0-1: Ball
1-1: Called Strike
1-2: Foul Ball, location: 2F
1-2: Foul Ball, location: 2F
1-2: Ball
2-2: Ball
3-2: Base on Balls
Batting: SHB Arnold Moore 0-0: Ball
1-0: Foul Ball, location: 2F
1-1: Swinging Strike
1-2: Foul Ball, location: 2F
1-2: SINGLE (Groundball, 4) (infield hit)
Ricardo Gutiérrez to third
Ronald Smith to second
Batting: RHB Sergio Domínguez 0-0: Fly out, F3 (Popup, 3L)
Bottom of the 9th over - 3 run(s), 2 hit(s), 0 error(s), 3 left on base; El Paso 4 - Scottsdale 4
TOP OF THE 10TH
El Paso Texans batting - Pitching for Scottsdale Scorpions : RHP Martin Miller
Pitching: RHP Jesús Ramírez
Pinch Hitting: LHB Guy Moss 0-0: Foul Ball, location: 2F
0-1: Ground out 4-3 (Groundball, 4D)
Pinch Hitting: RHB José Murillo 0-0: Ball
1-0: Called Strike
1-1: Hit by Pitch
Batting: LHB Roberto Félix 0-0: Ball
1-0: Foul Ball, location: 2F
1-1: Foul Ball, location: 2F
1-2: Ball
José Murillo steals 2nd base
2-2: Strikes out looking
Batting: LHB Bernardo Morales 0-0: Fly out, F8 (Flyball, 8RXD)
Top of the 10th over - 0 run(s), 0 hit(s), 0 error(s), 1 left on base; El Paso 4 - Scottsdale 4
BOTTOM OF THE 10TH
Scottsdale Scorpions batting - Pitching for El Paso Texans : RHP Carlos Sánchez
Now at 2B: Domingo Morales
Now at SS: Ken Fingers
Batting: LHB Alberto Roberts 0-0: SINGLE (Groundball, 56D)
Batting: LHB Manny Vigil 0-0: Called Strike
0-1: SINGLE (Groundball, 6D)
Alberto Roberts to second
Batting: RHB Jaime Delgado 0-0: Ball
1-0: Ball
2-0: Reached on error, E4 (Groundball, 4MS)
Alberto Roberts to third
Manny Vigil to second
Batting: RHB Robinson Fernández 0-0: Swinging Strike
0-1: Ball
1-1: Swinging Strike
1-2: Strikes out swinging
Batting: LHB José Garza 0-0: Called Strike
0-1: Foul Ball, location: 2F
0-2: Ball
1-2: Strikes out looking
Batting: RHB Ricardo Gutiérrez 0-0: Called Strike
0-1: Ball
1-1: Ball
2-1: Foul Ball, location: 2F
2-2: Strikes out looking
Bottom of the 10th over - 0 run(s), 2 hit(s), 1 error(s), 3 left on base; El Paso 4 - Scottsdale 4
TOP OF THE 11TH
El Paso Texans batting - Pitching for Scottsdale Scorpions : RHP Jesús Ramírez
Batting: RHB António Aguilar 0-0: Ball
1-0: Foul Ball, location: 2F
1-1: Swinging Strike
1-2: Ball
2-2: Strikes out looking
Batting: LHB Enrique Cruz 0-0: Ball
1-0: Ball
2-0: Called Strike
2-1: Foul Ball, location: 2F
2-2: Foul Ball, location: 2F
2-2: Strikes out swinging, 2-3 out at first.
Batting: RHB Marvin Johnson 0-0: Swinging Strike
0-1: DOUBLE (Line Drive, 8RD)
Batting: LHB Michael Melton 0-0: Ball
1-0: Swinging Strike
1-1: Ball
2-1: Foul Ball, location: 2F
2-2: Foul Ball, location: 2F
2-2: Foul Ball, location: 2F
2-2: Foul Ball, location: 2F
2-2: Ball
3-2: Strikes out looking
Top of the 11th over - 0 run(s), 1 hit(s), 0 error(s), 1 left on base; El Paso 4 - Scottsdale 4
BOTTOM OF THE 11TH
Scottsdale Scorpions batting - Pitching for El Paso Texans : RHP Carlos Sánchez
Batting: RHB Ronald Smith 0-0: Ball
1-0: Ball
2-0: Ball
3-0: Called Strike
3-1: Called Strike
3-2: Foul Ball, location: 2F
3-2: Foul Ball, location: 2F
3-2: Ground out 5-3 (Groundball, 5L)
Batting: SHB Arnold Moore 0-0: Foul Ball, location: 2F
0-1: Called Strike
0-2: SINGLE (Flyball, 8RS)
Batting: RHB Sergio Domínguez 0-0: Ball
1-0: Ball
2-0: Reached on error, E5 (Groundball, 56S)
Arnold Moore to second
Batting: LHB Alberto Roberts 0-0: Ball
1-0: Ground out U3 (Groundball, 3S)
Arnold Moore to third
Sergio Domínguez to second
Batting: LHB Manny Vigil 0-0: Ball
1-0: Called Strike
1-1: Ball
2-1: Called Strike
2-2: Ball
3-2: Base on Balls
Pitching: LHP Don MacKinlay
Batting: RHB Jaime Delgado 0-0: Ball
1-0: Ball
2-0: Ball
3-0: Called Strike
3-1: Swinging Strike
3-2: Strikes out swinging
Bottom of the 11th over - 0 run(s), 1 hit(s), 1 error(s), 3 left on base; El Paso 4 - Scottsdale 4
TOP OF THE 12TH
El Paso Texans batting - Pitching for Scottsdale Scorpions : RHP Jesús Ramírez
Pitching: RHP John Field
Pinch Hitting: RHB John Wilson 0-0: Swinging Strike
0-1: Ball
1-1: Foul Ball, location: 2F
1-2: Ball
2-2: DOUBLE (Line Drive, 7LM)
Pinch Hitting: RHB Andrew O'Dell 0-0: Intentional Walk
Pinch Runner at 2nd Oliver Riley:
Pinch Hitting: RHB Javier Álvarez 0-0: Grounds into double play, 4-6-3 (Groundball, 4)
Oliver Riley to third
Batting: LHB Roberto Félix 0-0: Foul Ball, location: 2F
0-1: Ground out 4-3 (Groundball, 4M)
Top of the 12th over - 0 run(s), 1 hit(s), 0 error(s), 1 left on base; El Paso 4 - Scottsdale 4
BOTTOM OF THE 12TH
Scottsdale Scorpions batting - Pitching for El Paso Texans : LHP Don MacKinlay
Now at 2B: Jeffery Ivey
Now at 3B: Oliver Riley
Now at SS: Andrew O'Dell
Batting: RHB Robinson Fernández 0-0: Foul Ball, location: 2F
0-1: Ball
1-1: Ball
2-1: Fly out, F6 (Popup, 6D)
Pinch Hitting: RHB Cristián Román 0-0: Ball
1-0: Called Strike
1-1: Swinging Strike
1-2: Ball
2-2: Ball
3-2: Base on Balls
Pinch Runner at 1st Ernesto Hernández:
Batting: RHB Ricardo Gutiérrez 0-0: Swinging Strike
0-1: Foul Ball, location: 2F
0-2: Foul Ball, location: 2F
0-2: Foul Ball, location: 2F
0-2: Foul Ball, location: 2F
0-2: SINGLE (Groundball, 56D)
Ernesto Hernández to second
Batting: RHB Ronald Smith 0-0: Fly out, F4 (Popup, 4)
Batting: SHB Arnold Moore 0-0: Swinging Strike
0-1: Ball
1-1: Ball
2-1: Fielders Choice at 2nd, 4-6 (Groundball, 4)
Bottom of the 12th over - 0 run(s), 1 hit(s), 0 error(s), 1 left on base; El Paso 4 - Scottsdale 4
TOP OF THE 13TH
El Paso Texans batting - Pitching for Scottsdale Scorpions : RHP John Field
Now in RF: Justin Holland
Batting: LHB Bernardo Morales 0-0: Called Strike
0-1: Swinging Strike
0-2: Ball
1-2: Ball
2-2: Ball
3-2: Base on Balls
Batting: RHB António Aguilar 0-0: Called Strike
0-1: Ball
1-1: Grounds into double play, 3-6-3 (Groundball, 34)
Batting: LHB Enrique Cruz 0-0: Called Strike
0-1: Ball
1-1: Foul Ball, location: 2F
1-2: Strikes out swinging
Top of the 13th over - 0 run(s), 0 hit(s), 0 error(s), 0 left on base; El Paso 4 - Scottsdale 4
BOTTOM OF THE 13TH
Scottsdale Scorpions batting - Pitching for El Paso Texans : LHP Don MacKinlay
Batting: RHB Sergio Domínguez 0-0: Called Strike
0-1: Called Strike
0-2: Foul Ball, location: 2F
0-2: Strikes out swinging
Batting: LHB Alberto Roberts 0-0: Ball
1-0: Ball
2-0: Called Strike
2-1: Called Strike
2-2: Strikes out swinging
Batting: LHB Manny Vigil 0-0: Swinging Strike
0-1: Fly out, F7 (Flyball, 78S)
Bottom of the 13th over - 0 run(s), 0 hit(s), 0 error(s), 0 left on base; El Paso 4 - Scottsdale 4
TOP OF THE 14TH
El Paso Texans batting - Pitching for Scottsdale Scorpions : RHP John Field
Batting: RHB Marvin Johnson 0-0: Foul Ball, location: 2F
0-1: Fly out, F8 (Flyball, 89M)
Batting: LHB Michael Melton 0-0: Ball
1-0: Swinging Strike
1-1: Ball
2-1: Called Strike
2-2: Strikes out looking
Batting: SHB Oliver Riley 0-0: Called Strike
0-1: Ball
1-1: Called Strike
1-2: Ball
2-2: Foul Ball, location: 2F
2-2: Ball
3-2: Foul Ball, location: 2F
3-2: Base on Balls
Batting: RHB Andrew O'Dell 0-0: Ball
Oliver Riley steals 2nd base
1-0: Ball
2-0: Called Strike
2-1: Swinging Strike
2-2: Ball
3-2: Foul Ball, location: 2F
3-2: Foul Ball, location: 2F
3-2: Base on Balls
Batting: SHB Jeffery Ivey 0-0: Foul Ball, location: 2F
0-1: Foul Ball, location: 2F
0-2: Strikes out swinging
Top of the 14th over - 0 run(s), 0 hit(s), 0 error(s), 2 left on base; El Paso 4 - Scottsdale 4
BOTTOM OF THE 14TH
Scottsdale Scorpions batting - Pitching for El Paso Texans : LHP Don MacKinlay
Batting: RHB Jaime Delgado 0-0: Fly out, F8 (Flyball, 8LM)
Batting: RHB Robinson Fernández 0-0: Ground out 1-3 (Groundball, 13S)
Batting: LHB Justin Holland 0-0: Fly out, F8 (Flyball, 89D)
Bottom of the 14th over - 0 run(s), 0 hit(s), 0 error(s), 0 left on base; El Paso 4 - Scottsdale 4
TOP OF THE 15TH
El Paso Texans batting - Pitching for Scottsdale Scorpions : RHP John Field
Batting: LHB Roberto Félix 0-0: Ball
1-0: Swinging Strike
1-1: Swinging Strike
1-2: Strikes out swinging
Batting: LHB Bernardo Morales 0-0: SOLO HOME RUN (Flyball, 9LD), Distance : 325 ft
Batting: RHB António Aguilar 0-0: Ball
1-0: Ball
2-0: Ball
3-0: Base on Balls
Batting: LHB Enrique Cruz 0-0: Ball
António Aguilar is caught stealing 2nd base
1-0: Foul Ball, location: 2F
1-1: Ground out 4-3 (Groundball, 34D)
Top of the 15th over - 1 run(s), 1 hit(s), 0 error(s), 0 left on base; El Paso 5 - Scottsdale 4
BOTTOM OF THE 15TH
Scottsdale Scorpions batting - Pitching for El Paso Texans : LHP Don MacKinlay
Batting: RHB Ricardo Gutiérrez 0-0: SINGLE (Flyball, 78S)
Batting: RHB Ronald Smith 0-0: Called Strike
0-1: Ball
1-1: Ball
2-1: Foul Ball, location: 2F
2-2: Foul Ball, location: 2F
2-2: Grounds into double play, 5-4-3 (Groundball, 5)
Batting: SHB Arnold Moore 0-0: Ball
1-0: Called Strike
1-1: Ball
2-1: Fly out, F9 (Flyball, 9LM)
Bottom of the 15th over - 0 run(s), 1 hit(s), 0 error(s), 0 left on base; El Paso 5 - Scottsdale 4
Thursday, March 30th, 2017 - OOTP Baseball 17.12 Build 75